 Dungeon Crawl Stone Soup version 0.29.0-4-gdea44cf6ec (webtiles) character file.

Game seed: 11140347569661749480

1458 Iusername the Covered (level 8, -14/70 HPs)
             Began as a Minotaur Fighter on Aug 26, 2022.
             Was an Initiate of Dithmenos.
             Engulfed by a cloud of flame (18 damage)
             ... on level 6 of the Dungeon.
             The game lasted 00:12:53 (5846 turns).

Iusername the Covered (Minotaur Fighter)            Turns: 5846, Time: 00:12:54

Health: -14/70     AC:  9    Str: 31    XL:     8   Next: 47%
Magic:  0/7        EV: 11    Int:  7    God:    Dithmenos [......]
Gold:   278        SH:  5    Dex: 14    Spells: 7/7 levels left

rFire   . . .      SeeInvis +   o - +8 hand axe of Gallantry {spect, Str+4 SInv}
rCold   + . .      Faith    .   c - +0 buckler
rNeg    . . .      Spirit   +   b - +0 scale mail
rPois   +          Reflect  .   (helmet restricted)
rElec   .          Harm     .   (no cloak)
rCorr   .          Rampage  .   l - +0 pair of gloves of Defence {rPois Dex+4}
Will    .....                   (no boots)
Stlth   +.........              t - amulet of guardian spirit
HPRegen 0.21/turn               e - +6 ring of strength
MPRegen 0.10/turn               i - ring of protection from cold

@: mighty, invisible
A: horns 2, retaliatory headbutt
a: Renounce Religion


You were on level 6 of the Dungeon.
You worshipped Dithmenos.
Dithmenos was noncommittal.
You visited 1 branch of the dungeon, and saw 6 of its levels.

You collected 278 gold pieces.

Inventory:

Hand Weapons
 a - a +0 trident
 o - the +8 hand axe of Gallantry (weapon) {spect, Str+4 SInv}
   (You found it on level 3 of the Dungeon)

   When its wielder attacks, the weapon's spirit leaps out and strikes again.
   The spirit shares a part of any damage it takes with its wielder.
   Str:       It affects your strength (+4).
   SInv:      It lets you see invisible.
Missiles
 r - 2 throwing nets (quivered)
Armour
 b - a +0 scale mail (worn)
 c - a +0 buckler (worn)
 l - the +0 pair of gloves of Defence (worn) {rPois Dex+4}
   (You found it on level 2 of the Dungeon)

   Dex:       It affects your dexterity (+4).
   rPois:     It protects you from poison.
Jewellery
 e - a +6 ring of strength (left hand)
 i - a ring of protection from cold (right hand)
 p - a ring of poison resistance
 t - an amulet of guardian spirit (around neck)
 w - an amulet of reflection
 z - a ring of magical power
 A - a ring of wizardry
 B - a ring of ice
Wands
 q - a wand of digging (4)
 x - a wand of charming (11)
Scrolls
 f - a scroll of blinking
 k - 3 scrolls of teleportation {unknown}
 m - 2 scrolls of amnesia
 u - 3 scrolls of poison
 y - a scroll of enchant armour
Potions
 d - 2 potions of brilliance {unknown}
 g - a potion of mutation
 j - a potion of ambrosia {unknown}
 n - a potion of lignification {unknown}
 v - a potion of curing {unknown}
 C - a potion of resistance


   Skills:
 + Level 5.7 Fighting
 + Level 5.6(6.6) Axes
 + Level 5.2(6.4) Polearms
 + Level 7.5 Armour
 + Level 2.3 Dodging
 + Level 2.2 Stealth
 + Level 5.6 Shields


You had 7 spell levels left.
You didn't know any spells.
Your spell library contained the following spells:

 Spells                   Type           Power      Damage    Failure   Level
 Sandblast                Erth           0%         2d4       75%         1
 Shock                    Conj/Air       0%         1d3       75%         1
 Passwall                 Tmut/Erth      0%         N/A       86%         2
 Poisonous Vapours        Pois/Air       0%         N/A       86%         2
 Stone Arrow              Conj/Erth      0%         3d7       98%         3
 Corpse Rot               Necr/Pois/Air  0%         N/A       100%        4


Dungeon Overview and Level Annotations

Branches:
Dungeon (6/15)             Temple (0/1) D:5

Altars:
Cheibriados
Dithmenos
Kikubaaqudgha
Makhleb
Ru
Wu Jian
Zin

Annotations:
D:6 1 transporter


Innate Abilities, Weirdness & Mutations

You have a pair of horns on your head.
You reflexively headbutt those who attack you in melee.


Message History

You see here a +0 spear.
There is an open door here.
You feel a little less mighty now.
There is a transporter here.
You enter the transporter and appear at another place.
C - a potion of resistance You open the gate.
The fire bat bites you but does no damage.
You feel very mighty all of a sudden.
The fire bat bites you but does no damage.
The fire bat bites you.
You are engulfed in flames.
The fire bat closely misses you.
Really walk into that cloud of flame?
Okay, then.
The fire bat barely misses you. You block the fire bat's attack.
You slash the fire bat!
The fire bat is severely wounded.
You slash the fire bat! The fire bat barely misses you.
The fire bat bites you but does no damage. x2
You slash the fire bat!
You kill the fire bat!
Dithmenos accepts your kill.
You slash the fire bat!
Your +8 hand axe of Gallantry {spect, Str+4 SInv} hits the fire bat!
You kill the fire bat!
Dithmenos accepts your kill.
Your base Axes skill increases to level 5!
Your Stealth skill increases to level 2!
You swap places.
Really walk into that cloud of flame?
Really walk into a travel-excluded area?
You are engulfed in blazing flames.
There is an open gate, spattered with blood here.
You are engulfed in blazing flames.
You are engulfed in blazing flames.
* * * LOW HITPOINT WARNING * * *
It was a potion of invisibility.
You fade into invisibility!
You are engulfed in blazing flames.
You die...

.....# #.#
#########
#.# .....#
#.#
#○○.○°.☼#
#.#
.....#####.#
#☼☼.○☼○○#
#.#
...........#
#○☼#©#○○#
#.#
....########
#°○...☼○#
#)# ....#
#☼☼#.#○○#
##)#####
....##
#○○...○°#
#.......
.....#
####'☼○####
#......#
.#...#
#○☼°@°○°☼○#
#......#
##...#
#○☼○○○°○°.#
#......#
.....#
#○○○...○○☼#
#......#
.....#
#☼○☼$!$°○°#
#......#
.....#
#○○○[©?☼°○#
#......#
.....#
###########
#......#
.....###
##.©.##
#......#
.........
#...#
###......#
....####.#
##..#
###........#


There were no monsters in sight!

Vanquished Creatures
  The ghost of gelatine the Chopper, an amateur MiBe of Trog (D:3)
  2 fire bats (D:6)
  A water moccasin (D:6)
  2 ogres
  A centaur (D:5)
  2 scorpions (D:6)
  A howler monkey (D:3)
  A hound (D:4)
  3 orc priests
  A jelly (D:5)
  A centaur skeleton (D:3)
  A gnoll bouda (D:3)
  An iguana (D:5)
  A howler monkey zombie (D:3)
  5 adders
  12 gnolls
  A white imp (D:5)
  An ufetubus (D:5)
  A worm (D:2)
  5 dart slugs
  18 orcs
  6 endoplasms
  2 giant cockroaches
  10 goblins
  3 hobgoblins
  3 quokkas
  11 ball pythons
  4 bats
  4 frilled lizards
  A goblin zombie (D:4)
  6 kobolds
  4 rats
  A rat zombie (D:4)
117 creatures vanquished.

Vanquished Creatures (others)
  3 fungi (D:1)
  8 plants
11 creatures vanquished.

Grand Total: 128 creatures vanquished

Notes
Turn   | Place    | Note
-------+----------+-------------------------------------------
     0 | D:1      | Iusername the Minotaur Fighter began the quest for the Orb.
     0 | D:1      | Reached XP level 1. HP: 19/19 MP: 0/0
    69 | D:1      | Found a faded altar of an unknown god.
    74 | D:1      | Got Plato's Treatise on the Wind
   405 | D:1      | Reached XP level 2. HP: 24/27 MP: 1/1
   694 | D:1      | Reached skill level 4 in Armour
  1430 | D:2      | Reached XP level 3. HP: 33/33 MP: 2/2
  1444 | D:2      | Identified the +0 pair of gloves of Defence {rPois Dex+4}
  2564 | D:3      | Identified the +8 hand axe of Gallantry {spect, Str+4 SInv}
  2594 | D:3      | Found an ancient bone altar of Kikubaaqudgha.
  2599 | D:3      | Reached XP level 4. HP: 40/40 MP: 3/3
  2603 | D:3      | Found a transporter.
  2629 | D:3      | Found a transporter.
  2632 | D:3      | Noticed gelatine's ghost (amateur MiBe)
  2689 | D:3      | Killed gelatine's ghost
  2690 | D:3      | Reached skill level 5 in Polearms
  2690 | D:3      | Reached skill level 5 in Armour
  2690 | D:3      | Reached XP level 5. HP: 47/47 MP: 4/4
  2690 | D:3      | Reached XP level 6. HP: 53/53 MP: 5/5
  2732 | D:3      | Found an ornate altar of the Wu Jian Council.
  3909 | D:4      | Reached skill level 1 in Dodging
  4274 | D:4      | Reached skill level 1 in Axes
  4285 | D:4      | Found a sacrificial altar of Ru.
  4448 | D:4      | Reached skill level 6 in Armour
  4448 | D:4      | Reached XP level 7. HP: 47/60 MP: 6/6
  4655 | D:4      | Reached skill level 1 in Stealth
  4662 | D:4      | Reached skill level 5 in Fighting
  4673 | D:4      | Found a burning altar of Makhleb.
  4723 | D:5      | Entered Level 5 of the Dungeon
  4741 | D:5      | Found a snail-covered altar of Cheibriados.
  4923 | D:5      | Reached skill level 5 in Shields
  5095 | D:5      | Found a shadowy altar of Dithmenos.
  5112 | D:5      | Became a worshipper of Dithmenos the Shadowed
  5121 | D:5      | Found a staircase to the Ecumenical Temple.
  5431 | D:6      | Found a glowing silver altar of Zin.
  5496 | D:6      | Reached skill level 7 in Armour
  5496 | D:6      | Reached XP level 8. HP: 65/69 MP: 5/7
  5567 | D:6      | Found a transporter.
  5776 | D:6      | Found a transporter.
  5842 | D:6      | Reached skill level 5 in Axes
  5846 | D:6      | Engulfed by a cloud of flame

Illustrated notes

Levels and vault maps discovered:
D:1:      dpeg_arrival_signposts, layout_loops_ring,
          shapermc_ecumenical_altar_rom_forum, minmay_misc_feat_columns,
          minmay_hedge_maze, chequers_serial_rivers_small_b
D:2:      layout_rooms, serial_bayou_lagoon_b
D:3:      layout_basic, nzn_wu_jian_contemplation, overflow_temple_1_default,
          gammafunk_ghost_mausoleum, serial_forest,
          infiniplex_forest_straight_1, infiniplex_forest_lined_2,
          infiniplex_forest_clump_curved, infiniplex_forest_lined_2,
          infiniplex_forest_lined_2, infiniplex_forest_clump_long
D:4:      layout_basic, makhleb_blood_cavern_becter, kennysheep_mini,
          enter_ossuary_4, kennysheep_flooded_box, minivault_24
D:5:      layout_cave_pools, mainiacjoe_overflow_small_starburst,
          nicolae_overflow_crystal_walls, minmay_temple_entry_glass,
          minmay_holes
D:6:      gammafunk_cloud_chamber, layout_basic, zin_academy,
          roderic_roman_lattice

Skill      XL: |  1  2  3  4  5  6  7  8 |
---------------+-------------------------+-----
Shields        | 4 5 |  5.6
Armour         | 4 5 6 7 |  7.5
Fighting       | 4 5 |  5.7
Polearms       | 3 5 |  5.2
Dodging        | 1 2 |  2.3
Axes           | 1 4 5 |  5.6
Stealth        | 1 2 |  2.2

Action                   |  1- 3 |  4- 6 |  7- 9 || total
-------------------------+-------+-------+-------++-------
Melee: Trident           |   107 |       |       ||   107
       Headbutt          |    15 |     4 |    13 ||    32
       Hand axe          |     2 |    43 |    58 ||   103
  Use: Scroll            |     4 |       |     2 ||     6
       Potion            |       |     1 |     3 ||     4
 Stab: Distracted        |       |       |     2 ||     2
Armor: Scale mail        |    32 |    19 |    16 ||    67
Dodge: Dodged            |    29 |    36 |    14 ||    79
Block: Buckler           |    13 |    20 |    13 ||    46
